 Dungeon Crawl Stone Soup version 0.30.1-4-g462c640d31 (webtiles) character file.

Game seed: 5172657404090960980

1754855 LordWeiramon the Imperceptible (level 27, 199/199 HPs)
             Began as a Kobold Gladiator on Sept 11, 2023.
             Was the Champion of Ashenzari.
             Escaped with the Orb
             ... and 3 runes on Sept 12, 2023!
             The game lasted 07:18:44 (63418 turns).

LordWeiramon the Imperceptible (Kobold Gladiator)  Turns: 63418, Time: 07:18:45

Health: 199/199    AC: 28    Str: 11    XL:     27
Magic:  25/25      EV: 51    Int: 10    God:    Ashenzari [******]
Gold:   5500       SH: 24    Dex: 35    Spells: 22/32 levels left

rFire   + + .        a - +7 captain's cutlass {speed, disarm, Melee, Evo} (curse)
rCold   + + +        q - +5 kite shield "Shackled Together" {reflect, Range, Fort} (curse)
rNeg    . . .        N - +1 leather armour of Ashenzari's Servitude {rC+ rF+, Bglg, Fort} (curse)
rPois   +            M - +2 helmet of Ashenzari's Soothsayer {rPois rCorr Int-3 Stlth+, Melee, Cun} (curse)
rElec   .            D - +4 dragonskin cloak {Alch, Evo} (curse)
rCorr   +            y - +1 pair of gloves of the Unyielding Gaze {Rampage Int+3 SInv, Fort, Melee} (curse)
SInv    +            z - +2 pair of boots of the Lashed Panentheism {Cun, Self} (curse)
Will    ++++.        X - amulet "All-seeing Secrets" {rPois rC+ Regen+ Dex+2, Self, Fort} (curse)
Stlth   ++++         h - ring "Share My Ethics" {AC+4 Dex+5, Evo, Fort} (curse)
HPRegen 1.33/turn    k - ring "Overhang to Understand" {rF+, Melee, Fort} (curse)
MPRegen 0.19/turn

%: reflection, clarity, rampage
@: hasted, studying 5 skills, very quick
A: small, no large weapons, nightstalker 3, berserk 2, cold resistance 1, low MP
1, strong-willed 2, weak 1, subdued magic 1
0: Orb of Zot
}: 3/15 runes: decaying, silver, gossamer
a: Renounce Religion, Shatter the Chains


You escaped.
You worshipped Ashenzari.
Ashenzari was exalted by your worship.
You visited 10 branches of the dungeon, and saw 48 of its levels.
You visited the Abyss 1 time.
You also visited: Ossuary, Bailey, Gauntlet, Ice Cave, Wizlab and Desolation.

You collected 9535 gold pieces.
You spent 4035 gold pieces at shops.

Inventory:

Hand Weapons
 a - the cursed +7 captain's cutlass (weapon) {speed, disarm, Melee, Evo}
   (You took it off a deep elf demonologist on level 3 of the Elven Halls)

   It has a curse which improves the following skills: Melee Combat: Short
   Blades, Long Blades, Axes, Maces & Flails, Polearms, Staves and Unarmed
   Combat.
   Evocations: Evocations.
 b - a +7 rapier of speed
 c - a +3 quick blade of distortion
Missiles
 d - a throwing net (quivered)
 t - 6 curare-tipped darts
 F - 14 poisoned darts
Armour
 g - the +3 faerie dragon scales {rElec rCorr Str+3 Int+3}
   (You took it off the Enchantress on level 2 of the Depths)

   Str:       It affects your strength (+3).
   Int:       It affects your intelligence (+3).
   rElec:     It insulates you from electricity.
   rCorr:     It protects you from acid and corrosion.
 q - the cursed +5 kite shield "Shackled Together" (worn) {reflect, Range, Fort}
   (You took it off Donald on level 3 of the Elven Halls)

   It has a curse which improves the following skills: Ranged Combat: Ranged
   Weapons and Throwing.
   Fortitude: Armour and Shields.
 y - the cursed +1 pair of gloves of the Unyielding Gaze (worn) {Rampage Int+3 SInv, Fort, Melee}
   (You found it in a Gauntlet)

   Int:       It affects your intelligence (+3).
   SInv:      It lets you see invisible.
   Rampage:   It bestows one free step when moving towards enemies.
   It has a curse which improves the following skills: Fortitude: Armour and
   Shields.
   Melee Combat: Short Blades, Long Blades, Axes, Maces & Flails, Polearms,
   Staves and Unarmed Combat.
 z - the cursed +2 pair of boots of the Lashed Panentheism (worn) {Cun, Self}
   (You found it on level 14 of the Dungeon)

   It has a curse which improves the following skills: Cunning: Dodging and
   Stealth.
   Introspection: Fighting and Spellcasting.
 D - the cursed +4 dragonskin cloak (worn) {Alch, Evo}
   (You took it off Tiamat on level 4 of the Realm of Zot)

   Avatar's Aegis: It grants the wearer a chance to resist fire, cold, poison,
   electricity, acid, and negative energy.
   It has a curse which improves the following skills: Alchemy: Poison Magic and
   Transmutations.
   Evocations: Evocations.
 M - the cursed +2 helmet of Ashenzari's Soothsayer (worn) {rPois rCorr Int-3 Stlth+, Melee, Cun}
   (You bought it in a shop on level 6 of the Dungeon)

   Int:       It affects your intelligence (-3).
   rPois:     It protects you from poison.
   rCorr:     It protects you from acid and corrosion.
   Stlth:     It makes you more stealthy.
   It has a curse which improves the following skills: Melee Combat: Short
   Blades, Long Blades, Axes, Maces & Flails, Polearms, Staves and Unarmed
   Combat.
   Cunning:   Dodging and Stealth.
 N - the cursed +1 leather armour of Ashenzari's Servitude (worn) {rC+ rF+, Bglg, Fort}
   (You found it in an ice cave)

   It has a curse which improves the following skills: Beguiling: Conjurations,
   Hexes and Translocations.
   Fortitude: Armour and Shields.
Jewellery
 h - the cursed ring "Share My Ethics" (left hand) {AC+4 Dex+5, Evo, Fort}
   (You found it on level 1 of the Elven Halls)

   [ring of protection]

   AC:        It affects your AC (+4).
   Dex:       It affects your dexterity (+5).
   It has a curse which improves the following skills: Evocations: Evocations.
   Fortitude: Armour and Shields.
 k - the cursed ring "Overhang to Understand" (right hand) {rF+, Melee, Fort}
   (You took it off a deep elf pyromancer on level 3 of the Elven Halls)

   [ring of protection from fire]

   rF:        It protects you from fire.
   It has a curse which improves the following skills: Melee Combat: Short
   Blades, Long Blades, Axes, Maces & Flails, Polearms, Staves and Unarmed
   Combat.
   Fortitude: Armour and Shields.
 L - a ring of willpower
 X - the cursed amulet "All-seeing Secrets" (around neck) {rPois rC+ Regen+ Dex+2, Self, Fort}
   (You took it off a deep elf annihilator on level 3 of the Elven Halls)

   [amulet of regeneration]

   Dex:       It affects your dexterity (+2).
   rC:        It protects you from cold.
   rPois:     It protects you from poison.
   Regen:     It increases your rate of health regeneration.
   It has a curse which improves the following skills: Introspection: Fighting
   and Spellcasting.
   Fortitude: Armour and Shields.
Wands
 p - a wand of digging (15)
 v - a wand of mindburst (32)
 B - a wand of iceblast (97)
 P - a wand of acid (5)
 R - a wand of flame (106)
 T - a wand of polymorph (19)
 V - a wand of paralysis (25)
Scrolls
 e - 2 scrolls of silence
 i - 26 scrolls of teleportation
 m - 13 scrolls of magic mapping
 u - 5 scrolls of enchant armour
 x - 7 scrolls of poison
 E - 16 scrolls of fog
 J - 11 scrolls of fear
 S - 5 scrolls of blinking
Potions
 f - 15 potions of curing
 j - 2 potions of berserk rage
 l - 7 potions of cancellation
 n - 15 potions of mutation
 o - 5 potions of magic
 r - 5 potions of might
 s - 7 potions of resistance
 w - 10 potions of heal wounds
 G - 8 potions of brilliance
 O - 10 potions of flight
 W - 3 potions of invisibility
Miscellaneous
 A - a phantom mirror
 C - a condenser vane
 H - a phial of floods
 Q - a box of beasts


   Skills:
 - Level 24.3(27) Fighting
 - Level 23.4(27) Short Blades
 - Level 2.4(6.6) Axes
 - Level 4.5(6.8) Throwing
 - Level 15.8(23.3) Armour
 + Level 23.2(26.4) Dodging
 - Level 24.8(27) Stealth
 - Level 11.0(18.5) Shields
 - Level 1.1(3.2) Spellcasting
 - Level 12.3(14.7) Hexes
 - Level 4.0(6.2) Transmutations
 - Level 13.1 Ice Magic
 - Level 4.0 Earth Magic
 - Level 24.3(27) Evocations


You had 22 spell levels left.
You knew the following spells:

 Your Spells              Type           Power      Damage    Failure   Level
a - Ensorcelled Hibernat  Hex/Ice        44%        N/A       1%          2
b - Ozocubu's Armour      Ice            21%        N/A       1%          3
c - Confusing Touch       Hex            23%        N/A       1%          3
d - Passwall              Tmut/Erth      7%         N/A       8%          2

Your spell library contained the following spells:

 Spells                   Type           Power      Damage    Failure   Level
 Freeze                   Ice            84%        1d9       1%          1
 Frozen Ramparts          Ice            42%        1d7       1%          3
 Tukima's Dance           Hex            23%        N/A       1%          3
 Metabolic Englaciation   Hex/Ice        11%        N/A       3%          5
 Wereblood                Tmut           10%        N/A       4%          2
 Dazzling Flash           Conj/Hex       24%        N/A       6%          3
 Portal Projectile        Hex/Tloc       24%        N/A       6%          3
 Summon Guardian Golem    Hex/Summ       12%        N/A       6%          3
 Sandblast                Erth           14%        2d6       8%          1
 Hailstorm                Conj/Ice       11%        3d5       8%          3
 Leda's Liquefaction      Hex/Erth       7%         N/A       9%          4
 Sting                    Tmut/Pois      24%        1d4       12%         1
 Fulminant Prism          Conj/Hex       6%         3d7       21%         4
 Anguish                  Hex/Necr       6%         N/A       22%         4
 Spider Form              Tmut/Pois      6%         N/A       34%         3
 Apportation              Tloc           2%         N/A       38%         1
 Magic Dart               Conj           4%         1d3       38%         1
 Foxfire                  Conj/Fire      4%         2x1d4     41%         1
 Kiss of Death            Conj/Necr      4%         2d5       41%         1
 Shock                    Conj/Air       4%         1d3       41%         1
 Necrotise                Necr           4%         1d4       43%         1
 Summon Small Mammal      Summ           4%         N/A       43%         1
 Ignite Poison            Fire/Tmut/Pois 4%         N/A       50%         3
 Stone Arrow              Conj/Erth      8%         3d7       50%         3
 Petrify                  Tmut/Erth      9%         N/A       50%         4
 Blink                    Tloc           2%         N/A       52%         2
 Lesser Beckoning         Tloc           2%         N/A       52%         2
 Momentum Strike          Conj/Tloc      2%         3d8       52%         2
 Searing Ray              Conj           2%         2d4       52%         2
 Poisonous Vapours        Pois/Air       2%         N/A       54%         2
 Static Discharge         Conj/Air       2%         2-3/arc   54%         2
 Silence                  Hex/Air        6%         N/A       54%         5
 Summon Mana Viper        Hex/Summ       12%        N/A       54%         5
 Cigotuvi's Dreadful Rot  Necr/Pois/Air  2%         N/A       56%         2
 Call Imp                 Summ           2%         N/A       58%         2
 Sublimation of Blood     Necr           1%         N/A       58%         2
 Blade Hands              Tmut           5%         N/A       71%         5
 Gell's Gravitas          Tloc           1%         N/A       77%         3
 Teleport Other           Tloc           1%         N/A       77%         3
 Mephitic Cloud           Conj/Pois/Air  1%         N/A       78%         3
 Volatile Blastmotes      Fire/Tloc      2%         2d10      80%         3
 Call Canine Familiar     Summ           1%         N/A       82%         3
 Swiftness                Air            1%         N/A       82%         3
 Vampiric Draining        Necr           1%         2d6       82%         3
 Ozocubu's Refrigeration  Ice            10%        4d9       89%         7
 Animate Armour           Summ/Erth      8%         N/A       91%         4
 Freezing Cloud           Conj/Ice/Air   4%         6-21      91%         5
 Alistair's Intoxication  Tmut/Pois      4%         N/A       98%         5
 Animate Dead             Necr           1%         N/A       99%         4
 Dispel Undead            Necr           1%         3d6       99%         4
 Iskenderun's Mystic Bla  Conj/Tloc      1%         2d3       99%         4
 Manifold Assault         Tloc           1%         N/A       99%         4
 Olgreb's Toxic Radiance  Pois           1%         N/A       99%         4
 Sticky Flame             Conj/Fire      1%         2d3       99%         4
 Summon Lightning Spire   Summ/Air       1%         N/A       99%         4
 Borgnjor's Vile Clutch   Necr/Erth      2%         N/A       99%         5
 Simulacrum               Ice/Necr       5%         N/A       99%         6
 Agony                    Necr           1%         N/A       100%        5
 Fireball                 Conj/Fire      0%         3d3       100%        5
 Iskenderun's Battlesphe  Conj           1%         2d6       100%        5
 Summon Forest            Summ/Tloc      0%         N/A       100%        5
 Conjure Ball Lightning   Conj/Air       0%         3x3d6     100%        6
 Death Channel            Necr           0%         N/A       100%        6
 Dispersal                Tloc           0%         N/A       100%        6
 Eringya's Noxious Bog    Tmut/Pois      3%         N/A       100%        6
 Iron Shot                Conj/Erth      2%         9d2       100%        6
 Plasma Beam              Fire/Air       0%         2x1d11    100%        6
 Starburst                Conj/Fire      0%         6d3       100%        6
 Statue Form              Tmut/Erth      6%         N/A       100%        6
 Haunt                    Necr/Summ      0%         N/A       100%        7
 Malign Gateway           Summ/Tloc      0%         N/A       100%        7
 Orb of Destruction       Conj           0%         9d5       100%        7
 Storm Form               Tmut/Air       3%         N/A       100%        7
 Summon Hydra             Summ           0%         N/A       100%        7
 Borgnjor's Revivificati  Necr           0%         N/A       100%        8
 Ignition                 Fire           0%         3d3       100%        8
 Lehudib's Crystal Spear  Conj/Erth      2%         10d2      100%        8
 Maxwell's Capacitive Co  Air            0%         ∞         100%        8
 Necromutation            Tmut/Necr      3%         N/A       100%        8
 Summon Horrible Things   Summ           0%         N/A       100%        8
 Chain Lightning          Conj/Air       0%         2d1       100%        9
 Death's Door             Necr           0%         N/A       100%        9
 Fire Storm               Conj/Fire      0%         6d1       100%        9
 Shatter                  Erth           3%         3d7*      100%        9


Dungeon Overview and Level Annotations

Branches:
Dungeon (15/15)            Temple (1/1) D:7            Lair (5/5) D:8
  Swamp (4/4) Lair:2       Spider (4/4) Lair:3        Slime (0/5) Lair:4
    Orc (2/2) D:12            Elf (3/3) Orc:2        Vaults (5/5) D:14
  Crypt (0/3) Vaults:3     Depths (4/4) D:15            Zot (5/5) Depths:4
Ossuary (visited)          Bailey (visited)           IceCv (visited)
 WizLab (visited)         Desolation (visited)      Gauntlet (visited)

Altars:
Ashenzari
Cheibriados
Dithmenos
Elyvilon
Fedhas
Gozag
Hepliaklqana
Kikubaaqudgha
Makhleb
Nemelex Xobeh
Okawaru
Qazlal
Ru
Sif Muna
Trog
Uskayaw
Vehumet
Wu Jian
Xom
Yredelemnul
Zin
The Shining One
Jiyva

Shops:
D:6 [   D:14 *[*   Orc:2 :(*[(   Elf:1 (   Elf:3 *   Vaults:1 *
Vaults:4 ?=((*   Vaults:5 ?   Depths:1 =::   Depths:3 [

Portals:
Hell: Depths:1 Depths:2 Depths:3 Depths:4
Abyss: D:4 Depths:3 Depths:4
Pandemonium: Depths:1 Depths:2 Depths:4
Ziggurat: Depths:1

Annotations:
D:14 exclusion: sensed monster (detected), Roxanne
Swamp:1 2 transporters


Innate Abilities, Weirdness & Mutations

You are small and have problems with some larger weapons.
You are completely attuned to the shadows.
You have an uncontrollable temper.
Your flesh is cold resistant. (rC+)
Your magical capacity is low. (-10% MP)
You are highly strong-willed. (Will++)
You are weak. (Str -2)
Your spells are a little easier to cast, but a little less powerful.


Message History

Tuazua is caught in the net!
Tuazua struggles against the net.
You catch the helpless Tuazua completely off-guard!
You skewer Tuazua like a kebab!!!!
Tuazua is heavily wounded.
You catch the helpless Tuazua completely off-guard!
You stick Tuazua like a pincushion!!!!
You kill Tuazua!
Blink to where?
Press: ? - help, Dir - move target
As you read the scroll of blinking, it crumbles to dust.
You block the orange demon's attack.
d - 2 throwing nets The lich completely misses you.
Throw: 2 throwing nets
Press: ? - help, Q - select action, (/) - cycle Shift-Dir - straight line, f - lich
Aim: a lich (fast, 78% to hit)
You throw a throwing net. The throwing net hits the lich.
The lich is caught in the net!
You block the orange demon's attack.
The lich struggles against the net.
You hit the lich.
The lich is lightly damaged.
You impale the lich!!
The lich is heavily damaged.
You catch the helpless lich completely off-guard!
You skewer the lich like a kebab!!!!!
You destroy the lich!
The orange demon completely misses you.
Aiming: Dig
Press: ? - help, Shift-Dir - straight line A rock wall.
This square is covered in magical glow.
The rock shatters into small pieces.
Aiming: Dig
Press: ? - help, Shift-Dir - straight line A rock wall.
This square is covered in magical glow.
The rock shatters into small pieces.
There is a staircase leading out of the dungeon here.
You have escaped!

#####>........................
#.......................{.(.(.
#.###################.....####
#.# ###.......#####4....# #.#
##..#######..##......# #.#
##.###....####..#.....#
#.###.##..####..##..#.....####
#.##.##.###..#.#.{#.#####.....
#.'#.#.###.##@###.##.# #.####.
#.#.##.##.##.####.##.# #.# #.
#.#.##.#.##.# ##.###.###.# #.
#.#.#.##.#.####.###.###.## #.
#.#.#.##.##..####..###.## #.
#.#.#.###.###....###..## #.
#.#.##.###..######..##.#### #.
#.'####.####......###.....# #.
#.## ##...########.).....# #.


There were no monsters in sight!

Vanquished Creatures
  2 dread liches (Zot:5)
  Tiamat (Zot:4)
  8 orbs of fire
  A pandemonium lord (D:1)
  Mara (Vaults:5)
  5 ancient liches
  The ghost of gdog the Acrobat, a veteran GnDe of Gozag (Depths:2)
  Sojobo (Vaults:2)
  Vv (Depths:4)
  Frederick (Vaults:5)
  5 Killer Klowns
  Bai Suzhen (Depths:2)
  2 curse toes (Zot:5)
  The ghost of safid the Cryomancer, a veteran MfIE of Vehumet (Depths:2)
  The ghost of Ittor the Tainted, a veteran DsFi of Yredelemnul (Depths:2)
  Nikola (Swamp:2)
  5 golden dragons
  A bone dragon (Depths:4)
  the Enchantress (Depths:2)
  An iron giant (Depths:2)
  3 electric golems (Zot:5)
  A Tzitzimitl (D:8)
  2 doom hounds (Depths:4)
  15 tentacled monstrosities
  A walking crystal tome (Depths:3)
  3 deep elf blademasters
  7 quicksilver dragons
  Asterion (Depths:1)
  23 Orb Guardians (Zot:5)
  A lich (D:1)
  Grunn (Depths:4)
  3 deep elf master archers (Elf:3)
  5 titans
  4 sphinxes
  An ancient champion (WizLab)
  10 death cobs
  Agnes (Elf:2)
  Gastronok (Lair:2)
  Kirke (D:14)
  7 shadow dragons
  A rockslime (Zot:5)
  18 storm dragons
  6 revenants (WizLab)
  Donald (Elf:3)
  3 draconian monks
  9 tengu reavers
  6 draconian scorchers
  4 emperor scorpions
  9 fire giants
  4 imperial myrmidons (Desolation)
  10 frost giants
  5 draconian knights
  2 angels (Depths:2)
  4 iron dragons
  6 draconian shifters
  13 vault wardens
  5 ghost moths
  4 deep elf elementalists (Elf:3)
  7 deep elf sorcerers
  5 draconian stormcallers
  14 ironbound preservers
  6 spriggan defenders
  40 very ugly things
  3 war gargoyles (Vaults:5)
  2 ghouls (Swamp:1)
  5 orc warlords
  A quicksilver ooze (Vaults:4)
  8 draconian annihilators
  18 stone giants
  20 green draconians
  5 ironbound thunderhulks
  4 eleionomae
  7 broodmothers
  10 deep elf demonologists
  Nessos (D:12)
  11 black draconians
  4 bunyips
  A lorocyproca (Depths:2)
  5 deep elf annihilators
  6 white draconians
  5 spark wasps
  A spectral titan (WizLab)
  A dire elephant (Vaults:1)
  Azrael (D:12)
  A minotaur (Gauntlet)
  10 red draconians
  6 halazid warlocks
  20 yellow draconians
  2 eidola (WizLab)
  A crystal guardian (Desolation)
  11 purple draconians
  2 shambling mangroves (Swamp:4)
  9 fire dragons
  2 ragged hierophants (Desolation)
  The ghost of Kazon the Fighter, a journeyman OgGl of Okawaru (D:9)
  4 entropy weavers
  3 jiangshi (WizLab)
  16 ettins
  10 deep elf death magi
  2 great orbs of eyes (Vaults:4)
  8 ice dragons
  3 spectral quicksilver dragons (WizLab)
  The ghost of growler the Fighter, a journeyman OpEE of Wu Jian (D:11)
  13 yaktaur captains
  9 deep elf high priests
  8 peacekeepers
  A hell beast (Depths:3)
  3 rakshasas
  29 vault guards
  21 hydras
  6 servants of whispers (Desolation)
  3 ogre magi
  4 spriggan air magi
  11 alligators
  A ghost crab (Swamp:2)
  3 catoblepae (Lair:5)
  The ghost of Cheops the Summoner, a journeyman DrSu of the Shining One (D:11)
  A boulder beetle (shapeshifter) (Elf:2)
  7 boulder beetles
  A jorogumo (Spider:3)
  6 radroaches
  5 ironbound frosthearts
  11 two-headed ogres
  5 centaur warriors
  6 death yaks (Lair:5)
  25 dancing weapons
  11 deep troll earth magi
  4 vampire magi
  9 tengu warriors
  A death scarab (Spider:1)
  8 deep troll shamans
  A hell hog (Depths:3)
  10 spriggan berserkers
  A soul eater (Depths:3)
  3 orc high priests (Orc:2)
  Nergalle (D:12)
  15 deep elf knights
  A skyshark (Lair:5)
  A skyshark (shapeshifter) (Vaults:5)
  15 hell knights
  11 skeletal warriors
  A titan skeleton (Vaults:3)
  A spark wasp zombie (WizLab)
  4 sun moths
  A salamander mystic (Depths:3)
  5 shadow wraiths
  7 spriggan druids
  11 iron trolls
  The ghost of turdburglar the Poker, a novice DsGl of Jiyva (D:7)
  Lodul (D:12)
  5 glowing orange brains
  9 pharaoh ants
  3 spectral spark wasps (WizLab)
  41 deep trolls
  8 orb spiders
  6 bog bodies
  8 steelbarb worms
  A lindwurm (shapeshifter) (Depths:3)
  10 swamp dragons
  An orb spider (shapeshifter) (Vaults:5)
  A spectral wolf spider (WizLab)
  2 flayed ghosts
  21 orc knights
  4 goliath frogs
  26 ironbound convokers
  A shadow dragon zombie (Vaults:3)
  8 necromancers
  7 wizards
  18 deep elf archers
  8 phantasmal warriors
  24 deep elf zephyrmancers
  20 lindwurms
  A tengu zombie (Vaults:2)
  An oklob plant (Gauntlet)
  20 ugly things
  2 large abominations (Abyss:2)
  5 salamanders (Depths:3)
  33 deep elf pyromancers
  5 orc sorcerers
  A human zombie (Vaults:3)
  7 manticores
  4 cyclopes
  A stone giant zombie (Vaults:2)
  27 moths of wrath
  17 wolf spiders
  2 will-o-the-wisps
  A fire giant skeleton (Vaults:3)
  14 elephants
  A frost giant skeleton (Vaults:3)
  A toenail golem (D:4)
  A gargoyle (D:11)
  2 guardian serpents (Desolation)
  2 black mambas
  An elf skeleton (Vaults:3)
  A stone giant skeleton (Vaults:3)
  A molten gargoyle (Desolation)
  2 orange demons
  9 demonic crawlers
  21 vault sentinels
  8 torpor snails
  16 cane toads
  An elf zombie (Vaults:2)
  16 komodo dragons
  An unseen horror (D:12)
  28 yaktaurs
  A rime drake (D:8)
  An efreet (D:15)
  A komodo dragon (shapeshifter) (D:15)
  4 freezing wraiths
  16 ice devils
  7 tengu conjurers
  2 anaconda simulacra (IceCv)
  2 kobold demonologists
  A rime drake (shapeshifter) (Elf:2)
  A yaktaur skeleton (Vaults:3)
  A spectral harpy (WizLab)
  A meliai (shapeshifter) (Elf:3)
  A hellwing (D:1)
  20 hornets
  5 trolls
  12 tyrant leeches
  3 polar bears
  6 meliai
  7 raiju (Abyss:2)
  The ghost of dio423 the Chopper, an amateur DsFi (D:4)
  A harpy zombie (WizLab)
  26 tarantellas
  20 blink frogs
  40 saltlings (Desolation)
  34 slime creatures
  A human simulacrum (Vaults:2)
  8 dream sheep (Lair:5)
  33 jumping spiders
  A tyrant leech (shapeshifter) (Vaults:5)
  3 air elementals
  19 culicivoras
  8 flying skulls (WizLab)
  5 wraiths
  53 yaks
  A ynoxinul (D:8)
  22 spriggans
  Sigmund (D:6)
  2 shadows (D:9)
  An ettin skeleton (Vaults:3)
  3 wyverns
  2 dire elephant simulacra (IceCv)
  2 vampires
  8 humans (D:14)
  2 water elementals
  5 fire elementals
  A fire bat (Abyss:2)
  53 redbacks
  A hog (D:14)
  4 basilisks
  5 small abominations
  10 vampire mosquitoes
  A steam dragon (D:8)
  4 death yak simulacra (IceCv)
  3 harpy simulacra (IceCv)
  A swamp worm (shapeshifter) (Elf:2)
  14 swamp worms
  3 wargs
  5 acid dragons
  12 water moccasins
  2 hydra simulacra (IceCv)
  3 hell hounds
  22 orc warriors
  9 ice beasts
  9 swamp drakes
  A glowing shapeshifter skeleton (Vaults:3)
  A black bear (D:7)
  10 ogres
  14 wolves
  7 boggarts
  5 centaurs
  4 human skeletons (Vaults:3)
  2 kobold brigands
  An earth elemental (Elf:2)
  9 bullfrogs
  2 gnoll sergeants
  A scorpion (D:7)
  8 wights (D:8)
  5 cane toad simulacra (IceCv)
  A killer bee (Lair:3)
  3 elephant simulacra (IceCv)
  17 electric eels
  13 howler monkeys
  2 crimson imps (D:4)
  2 gnoll boudas
  6 hounds
  13 jellies (Lair:4)
  15 orc priests
  5 hell rats (Lair:1)
  An iguana (D:7)
  2 sleepcaps
  Natasha (thrice) (D:4)
  19 orc wizards
  5 polar bear simulacra (IceCv)
  A spriggan simulacrum (IceCv)
  3 wolf simulacra (IceCv)
  A bullfrog simulacrum (D:7)
  8 mummies (Ossuary)
  3 killer bee simulacra (D:7)
  Robin (D:3)
  20 gnolls
  10 adders
  5 shadow imps
  24 white imps
  4 ufetubi
  3 worms
  5 dart slugs (D:1)
  43 orcs
  5 bats
  3 endoplasms
  A giant cockroach (D:3)
  A gnoll zombie (Ossuary)
  16 hobgoblins
  3 jackals (D:2)
  6 quokkas
  14 ball pythons
  6 frilled lizards
  23 goblins
  2 hobgoblin zombies (Ossuary)
  28 kobolds
  A kobold zombie (Ossuary)
  4 orc zombies (Ossuary)
  6 rats
2317 creatures vanquished.

Vanquished Creatures (collateral kills)
  2 Orb Guardians (Zot:5)
  A fenstrider witch (Swamp:4)
  A white draconian (Zot:5)
  A crystal guardian (Desolation)
  A shambling mangrove (Swamp:4)
  A peacekeeper (Desolation)
  A jorogumo (Spider:3)
  A swamp dragon (Swamp:4)
  A culicivora (Spider:3)
  2 jumping spiders (Spider:3)
12 creatures vanquished.

Vanquished Creatures (others)
  An eldritch tentacle (Depths:2)
  A draconian scorcher (Zot:5)
  A deep elf knight (Elf:1)
  A deep elf archer (Elf:1)
  An orc knight (Vaults:4)
  An ancient zyme (Abyss:2)
  2 humans (D:14)
  A howler monkey (D:12)
  8 foxfires (Swamp:2)
17 creatures vanquished.

Grand Total: 2346 creatures vanquished

Notes
Turn   | Place    | Note
-------+----------+-------------------------------------------
     0 | D:1      | LordWeiramon the Kobold Gladiator began the quest for the
                  | Orb.
     0 | D:1      | Reached XP level 1. HP: 12/12 MP: 1/1
   230 | D:1      | Reached XP level 2. HP: 18/18 MP: 2/2
   313 | D:1      | Reached skill level 1 in Short Blades
   359 | D:1      | Reached XP level 3. HP: 5/22 MP: 3/3
   776 | D:1      | Reached XP level 4. HP: 27/27 MP: 4/4
  1290 | D:2      | Reached skill level 1 in Stealth
  1723 | D:3      | Found a blossoming altar of Fedhas.
  1724 | D:3      | Found a stormy altar of Qazlal.
  1896 | D:3      | Found a shimmering blue altar of Sif Muna.
  1951 | D:3      | Reached XP level 5. HP: 32/32 MP: 5/5
  2011 | D:3      | Noticed Robin
  2026 | D:3      | Killed Robin
  2368 | D:3      | Found a faded altar of an unknown god.
  2595 | D:3      | Found a glowing silver altar of Zin.
  2759 | D:4      | Noticed Natasha
  2768 | D:4      | Killed Natasha
  2769 | D:4      | Reached skill level 5 in Short Blades
  2999 | D:4      | Noticed Natasha
  3001 | D:4      | Killed Natasha
  3002 | D:4      | Reached XP level 6. HP: 36/36 MP: 6/6
  3019 | D:4      | Noticed Natasha
  3021 | D:4      | Killed Natasha
  3076 | D:4      | Found a transporter.
  3149 | D:4      | Found a transporter.
  3301 | D:5      | Entered Level 5 of the Dungeon
  3645 | D:5      | Reached skill level 5 in Stealth
  4106 | D:5      | Reached XP level 7. HP: 27/41 MP: 7/7
  4509 | D:6      | Reached skill level 5 in Dodging
  4701 | D:6      | Reached XP level 8. HP: 46/46 MP: 8/8
  4978 | D:6      | Noticed Sigmund
  4992 | D:6      | Killed Sigmund
  5040 | D:6      | Identified the +6 long sword "Taleung" {distort, rF++}
  5147 | D:6      | Found Biephofe's Armour Shoppe.
  5150 | D:6      | Bought the +2 helmet of the Big Bang {rPois rCorr Int-3
                  | Stlth+} for 333 gold pieces
  5323 | D:6      | Found a hazy altar of Hepliaklqana.
  5402 | D:6      | Reached skill level 5 in Fighting
  5570 | D:7      | Found a staircase to the Ecumenical Temple.
  5575 | Temple   | Entered the Ecumenical Temple
  5620 | Temple   | Became a worshipper of Ashenzari the Shackled
  5700 | D:7      | Reached XP level 9. HP: 46/55 MP: 9/9
  5796 | D:7      | Found a sand-covered staircase.
  5807 | Ossuary  | Entered an ossuary
  6320 | D:7      | Found a runed translucent gate.
  6321 | D:7      | Found a runed translucent gate.
  6322 | D:7      | Found a runed translucent gate.
  6496 | D:7      | Found the amulet of Elemental Vulnerability {rPois rF--
                  | rC-- AC+8}
  6641 | D:7      | Noticed turdburglar's ghost (novice DsGl)
  6711 | D:7      | Found a bloodstained altar of Trog.
  7038 | D:8      | Learned a level 2 spell: Ensorcelled Hibernation
  7062 | D:8      | Reached * piety under Ashenzari
  7062 | D:8      | Identified a scroll of acquirement
  7333 | D:8      | Found a shadowy altar of Dithmenos.
  7473 | D:8      | Reached skill level 10 in Stealth
  7506 | D:8      | Reached XP level 10. HP: 47/60 MP: 10/10
  7656 | D:8      | Reached skill level 1 in Armour
  7724 | D:8      | Found a shimmering altar of Xom.
  7728 | D:8      | Reached ** piety under Ashenzari
  7746 | D:8      | Found a staircase to the Lair.
  7747 | D:8      | Noticed a rime drake
  7760 | D:8      | Killed a rime drake
  8053 | D:8      | Acquired 698 gold pieces
  8152 | D:4      | Found a one-way gate to the infinite horrors of the Abyss.
  8152 | D:4      | Noticed dio423's ghost (amateur DsFi)
  8297 | D:9      | Found a flagged portal.
  8344 | Bailey   | Entered a bailey
  8730 | Bailey   | Reached skill level 10 in Dodging
  8764 | Bailey   | Noticed an orc knight
  8812 | Bailey   | Killed an orc knight
  9130 | D:9      | Noticed a two-headed ogre
  9144 | D:9      | Killed a two-headed ogre
  9145 | D:9      | Reached XP level 11. HP: 61/71 MP: 11/11
  9222 | D:9      | Reached skill level 1 in Evocations
  9340 | D:9      | Found a transporter.
  9340 | D:9      | Noticed a manticore
  9483 | D:9      | Paralysed by a hornet for 2 turns
 10127 | D:9      | Found a transporter.
 10129 | D:9      | Noticed Kazon's ghost (journeyman OgGl)
 10129 | D:9      | Identified the ring of Igapo {rC- MP-9 Str+6 Int+6 Stlth+}
 10133 | D:9      | Noticed a moth of wrath
 10136 | D:9      | Reached *** piety under Ashenzari
 10186 | D:9      | Found a burning altar of Makhleb.
 10362 | D:10     | Entered Level 10 of the Dungeon
 11086 | D:10     | Reached **** piety under Ashenzari
 11183 | D:10     | Reached skill level 1 in Shields
 11572 | D:11     | Found a runed translucent gate.
 11572 | D:11     | Found a runed translucent gate.
 11573 | D:11     | Found a runed translucent gate.
 11603 | D:11     | Noticed a centaur warrior
 11607 | D:11     | Killed a centaur warrior
 11613 | D:11     | Found a gate leading to a gauntlet.
 11726 | Gauntlet | Entered a Gauntlet
 11729 | Gauntlet | Noticed a tengu warrior
 11735 | Gauntlet | Found a transporter.
 11735 | Gauntlet | Found a transporter.
 11747 | Gauntlet | Found a transporter.
 11750 | Gauntlet | Found a transporter.
 11750 | Gauntlet | Found a transporter.
 11769 | Gauntlet | Found a transporter.
 11769 | Gauntlet | Found a transporter.
 11774 | Gauntlet | Noticed a wizard
 11778 | Gauntlet | Noticed a wizard
 11779 | Gauntlet | Identified the ring of Ticwijim {Wiz Int+2 Dex+5}
 11784 | Gauntlet | Found a transporter.
 11786 | Gauntlet | Noticed a cacodemon
 11824 | Gauntlet | Found a transporter.
 11855 | Gauntlet | Found a transporter.
 11872 | Gauntlet | Found a transporter.
 11873 | Gauntlet | Identified the +1 pair of gloves of Spite {Rampage Int+3
                  | SInv}
 11897 | Gauntlet | Noticed an oklob plant
 11920 | Gauntlet | Found a transporter.
 11934 | Gauntlet | Killed a tengu warrior
 11946 | Gauntlet | Reached skill level 5 in Shields
 11946 | Gauntlet | Reached XP level 12. HP: 77/77 MP: 12/12
 12161 | Abyss:2  | Cast into level 2 of the Abyss (a wizard)
 12446 | Abyss:2  | Noticed a thrashing horror
 12455 | Abyss:2  | Noticed a tentacled starspawn
 12495 | Abyss:2  | Found a corrupted altar of Lugonu.
 12690 | Abyss:2  | Noticed a blizzard demon
 12695 | Abyss:2  | Noticed a rakshasa
 12695 | Abyss:2  | Noticed a tentacled starspawn
 12721 | Gauntlet | Escaped the Abyss
 12843 | Gauntlet | Noticed a minotaur
 12849 | Gauntlet | Killed a minotaur
 12882 | D:11     | Learned a level 3 spell: Confusing Touch
 12896 | D:11     | Reached skill level 1 in Hexes
 12915 | D:11     | Noticed a boulder beetle
 12932 | D:11     | Killed a boulder beetle
 13591 | Lair:1   | Entered Level 1 of the Lair of Beasts
 13670 | Lair:1   | Found a frozen archway.
 13732 | Lair:1   | Reached skill level 5 in Hexes
 13761 | IceCv    | Entered an ice cave
 14086 | IceCv    | Reached skill level 1 in Spellcasting
 14086 | IceCv    | Reached XP level 13. HP: 81/82 MP: 12/16
 14256 | IceCv    | Found an ancient bone altar of Kikubaaqudgha.
 14471 | IceCv    | Reached skill level 10 in Hexes
 14589 | IceCv    | Learned a level 3 spell: Ozocubu's Armour
 14865 | IceCv    | Reached skill level 1 in Ice Magic
 14945 | IceCv    | Identified the ring "Ippij" {rPois rN+}
 15148 | Lair:1   | Acquired 1152 gold pieces
 15682 | Lair:1   | Reached skill level 5 in Ice Magic
 16464 | Lair:2   | Found a staircase to the Swamp.
 16517 | Lair:2   | Noticed Gastronok
 16527 | Lair:2   | Killed Gastronok
 16528 | Lair:2   | Reached skill level 10 in Ice Magic
 17327 | Lair:3   | Reached XP level 14. HP: 88/88 MP: 17/17
 17460 | Lair:3   | Found a hole to the Spider Nest.
 17504 | Lair:3   | Reached ***** piety under Ashenzari
 18260 | Lair:4   | Identified the +1 pair of gloves of Stained Awe {rF- rC+
                  | Regen+}
 18437 | Lair:4   | Found a staircase to the Slime Pits.
 18449 | Lair:4   | Found a viscous altar of Jiyva.
 18946 | Lair:5   | Entered Level 5 of the Lair of Beasts
 19289 | Lair:5   | Reached skill level 15 in Stealth
 19777 | Lair:5   | Reached XP level 15. HP: 93/93 MP: 18/18
 20437 | Lair:5   | Reached skill level 15 in Dodging
 21009 | D:4      | Killed dio423's ghost
 21121 | D:7      | Killed turdburglar's ghost
 21341 | D:9      | Killed Kazon's ghost
 21790 | D:11     | Noticed a stone giant
 21790 | D:11     | Noticed a sphinx
 21818 | D:11     | Killed a stone giant
 21843 | D:11     | Killed a sphinx
 22063 | D:11     | Noticed growler's ghost (journeyman OpEE)
 22063 | D:11     | Noticed Cheops's ghost (journeyman DrSu)
 22066 | D:11     | Killed growler's ghost
 22068 | D:11     | Killed Cheops's ghost
 22162 | D:12     | Noticed Nessos
 22174 | D:12     | Reached skill level 5 in Evocations
 22204 | D:12     | Noticed Nergalle
 22209 | D:12     | Killed Nergalle
 22242 | D:12     | Reached XP level 16. HP: 101/101 MP: 19/19
 22496 | D:12     | Found a staircase to the Orcish Mines.
 22512 | D:12     | Killed Nessos
 22522 | D:12     | Noticed Azrael
 22526 | D:12     | Killed Azrael
 22758 | D:12     | Noticed Lodul
 22836 | D:12     | Killed Lodul
 23613 | D:13     | Reached skill level 10 in Evocations
 23692 | D:13     | Found a burning altar of Makhleb.
 23909 | D:14     | Identified the +2 ring mail "Udilun" {Will+ Int+4}
 24155 | D:14     | Found Ruefog's General Store.
 24160 | D:14     | Bought a scroll of fog for 56 gold pieces
 24160 | D:14     | Bought a wand of mindburst (11) for 215 gold pieces
 24160 | D:14     | Bought a potion of curing for 42 gold pieces
 24160 | D:14     | Bought a potion of flight for 42 gold pieces
 24238 | D:14     | Identified Roxanne's Incunabulum of Tephra
 24238 | D:14     | Noticed Roxanne
 24381 | D:14     | Noticed Kirke
 24383 | D:14     | Killed Kirke
 24520 | D:14     | Found Jyimm's Assorted Antiques.
 24520 | D:14     | Found Dadev's Armour Shoppe.
 24669 | D:14     | Found a gate to the Vaults.
 24809 | D:15     | Entered Level 15 of the Dungeon
 26102 | D:15     | Found a staircase to the Depths.
 26208 | Orc:1    | Entered Level 1 of the Orcish Mines
 26500 | Orc:1    | Reached XP level 17. HP: 90/108 MP: 21/21
 26643 | Orc:2    | Entered Level 2 of the Orcish Mines
 26733 | Orc:2    | Found a staircase to the Elven Halls.
 26866 | Orc:2    | Found Ygemumust's Book Emporium.
 27401 | Orc:2    | Paralysed by an orc sorcerer for 5 turns
 27492 | Orc:2    | Reached skill level 15 in Evocations
 27898 | Orc:2    | Gained mutation: Your body sometimes deteriorates upon
                  | taking damage. [a neqoxec]
 28111 | Orc:2    | Found Wyskyamp's Antique Weapon Emporium.
 28112 | Orc:2    | Found Livofe's General Store.
 28116 | Orc:2    | Bought a scroll of fear for 48 gold pieces
 28116 | Orc:2    | Bought a scroll of fear for 48 gold pieces
 28116 | Orc:2    | Bought a wand of digging (6) for 302 gold pieces
 28116 | Orc:2    | Bought a scroll of blinking for 90 gold pieces
 28116 | Orc:2    | Bought a potion of mutation for 96 gold pieces
 28119 | Orc:2    | Found Izao's Antique Weapon Shop.
 28121 | Orc:2    | Found Jeacaq's Armour Emporium.
 28124 | Orc:2    | Bought an ancient rapier for 216 gold pieces
 28124 | Orc:2    | Identified the +5 rapier "Trog's Anger" {drain, Will++}
                  | (You bought it in a shop on level 2 of the Orcish Mines)
 28498 | Swamp:1  | Entered Level 1 of the Swamp
 28516 | Swamp:1  | Acquired the ring of the Mage {Wiz Archmagi}
 28516 | Swamp:1  | Found the ring of the Mage {Wiz Archmagi}
 28922 | Swamp:1  | Found a transporter.
 28924 | Swamp:1  | Found a transporter.
 29725 | Swamp:2  | Reached skill level 10 in Shields
 29754 | Swamp:2  | Noticed Nikola
 29756 | Swamp:2  | Killed Nikola
 30059 | Swamp:3  | Reached XP level 18. HP: 113/113 MP: 22/22
 30359 | Swamp:3  | Reached skill level 10 in Short Blades
 30689 | Swamp:4  | Entered Level 4 of the Swamp
 30982 | Swamp:4  | Reached skill level 5 in Armour
 31193 | Swamp:4  | Got a decaying rune of Zot
 31584 | Spider:1 | Entered Level 1 of the Spider Nest
 32191 | Spider:1 | Reached XP level 19. HP: 118/118 MP: 23/23
 34052 | Spider:3 | Identified the +1 leather armour of the Tundras {Harm
                  | Int+3}
 34462 | Spider:4 | Entered Level 4 of the Spider Nest
 34978 | Spider:4 | Identified the +0 leather armour "Kiera" {Dex+6}
 35128 | Spider:4 | Reached XP level 20. HP: 123/123 MP: 25/25
 35358 | Spider:4 | Identified the +0 pair of gloves of the Ward {rF- rN+++
                  | Will++ rCorr}
 35407 | Spider:4 | Got a gossamer rune of Zot
 35933 | Elf:1    | Entered Level 1 of the Elven Halls
 36203 | Elf:1    | Identified the ring "Acahu" {AC+4 Dex+5}
 36342 | Elf:1    | Found Gen Lono's Weapon Shoppe.
 36758 | Elf:1    | Identified Owkotu's Vellum of Congregated Arcane Weapons
 37076 | Elf:2    | Found a runed translucent gate.
 37077 | Elf:2    | Found a runed translucent gate.
 37078 | Elf:2    | Found a runed translucent gate.
 37161 | Elf:2    | Noticed Agnes
 37164 | Elf:2    | Killed Agnes
 37830 | Elf:2    | Reached ****** piety under Ashenzari
 38254 | Elf:3    | Entered Level 3 of the Elven Halls
 38390 | Elf:3    | Noticed Donald
 38393 | Elf:3    | Killed Donald
 38394 | Elf:3    | Reached XP level 21. HP: 128/131 MP: 26/26
 38629 | Elf:3    | Found Giali's Mayhem Merchandise.
 38629 | Elf:3    | Paralysed by an air elemental for 1 turns
 38646 | Elf:3    | Bought a wand of iceblast (1) for 45 gold pieces
 38646 | Elf:3    | Bought a wand of iceblast (4) for 182 gold pieces
 38646 | Elf:3    | Bought a wand of iceblast (7) for 319 gold pieces
 38771 | Elf:3    | Found a bloodstained altar of Trog.
 39656 | Elf:3    | Identified the amulet "Qurilagh" {rPois rC+ Regen+ Dex+2}
 39679 | Elf:3    | Identified the staff of death "Olughioqoss" {Contam rPois
                  | rN+ Int+4 Dex+3}
 39798 | Elf:3    | Reached skill level 10 in Fighting
 40063 | Elf:3    | Identified the +10 hand axe of the Desolation of Salt
                  | {freeze, *Corrode Str+3 Dex+3}
 40555 | Elf:3    | Acquired the +3 pair of seven-league boots {Rampage+∞}
 40555 | Elf:3    | Found the +3 pair of seven-league boots {Rampage+∞}
 40712 | Vaults:1 | Entered Level 1 of the Vaults
 40834 | Vaults:1 | Found a magical portal.
 40841 | WizLab   | Entered Borgnjor's Mausoleum
 40964 | WizLab   | Reached skill level 15 in Short Blades
 40972 | WizLab   | Reached XP level 22. HP: 138/138 MP: 26/26
 41480 | WizLab   | Identified the Parchment of the Charnel House
 42465 | Vaults:1 | Found Utisanu's Assorted Antiques.
 42470 | Vaults:1 | Bought a scroll of enchant armour for 300 gold pieces
 42470 | Vaults:1 | Bought a scroll of silence for 380 gold pieces
 42470 | Vaults:1 | Bought a wand of polymorph (7) for 392 gold pieces
 42996 | Vaults:2 | Found a crumbling gateway.
 43028 | Desolati | Entered the Desolation of Salt
 43096 | Desolati | Identified the +4 halberd of Tenacity {drain, MP+9}
 43154 | Desolati | Identified the Omnibus of Oromancy
 43250 | Desolati | Learned a level 2 spell: Passwall
 43365 | Desolati | Identified the +7 arbalest "Gatrexaos" {flame, Fly rElec}
 43372 | Desolati | Reached skill level 1 in Transmutations
 43372 | Desolati | Reached skill level 1 in Earth Magic
 43372 | Desolati | Identified the +10 shortbow of Hacking and Slashing
                  | {antimagic, rF++ Int+6}
 43469 | Desolati | Identified the amulet of Fann {Spirit Will+ Dex+2}
 43473 | Desolati | Identified the staff of earth "Ifacwauf" {Fragile +Blink
                  | rC- Str+10}
 43474 | Desolati | Identified the +7 plate armour of the Original Sin {Str+2
                  | Int-3 Dex+8 Slay+5}
 43565 | Desolati | Reached XP level 23. HP: 143/144 MP: 28/28
 43586 | Desolati | Identified the ring of Abotzaa {Wiz rC- Will+ rCorr}
 43586 | Desolati | Identified Kogatedgh's Commentary on Execration and Rime
 45024 | Vaults:2 | Noticed Sojobo
 45029 | Vaults:2 | Killed Sojobo
 45769 | Vaults:3 | Found a staircase to the Crypt.
 46789 | Vaults:4 | Found Luria's Magic Scroll Shop.
 46797 | Vaults:4 | Bought a scroll of teleportation for 48 gold pieces
 46797 | Vaults:4 | Bought a scroll of fear for 64 gold pieces
 46797 | Vaults:4 | Bought a scroll of teleportation for 48 gold pieces
 46797 | Vaults:4 | Bought a scroll of poison for 64 gold pieces
 46910 | Vaults:4 | Reached XP level 24. HP: 157/157 MP: 28/28
 47041 | Vaults:4 | Paralysed by a great orb of eyes for 2 turns
 47356 | Vaults:4 | Found Ebrudino's Antique Weapon Shoppe.
 47532 | Vaults:4 | Found Sasauceno's Jewellery Boutique.
 47664 | Vaults:4 | Found Urchokk's Assorted Antiques.
 47669 | Vaults:4 | Bought a potion of heal wounds for 95 gold pieces
 47669 | Vaults:4 | Bought a scroll of blinking for 142 gold pieces
 47669 | Vaults:4 | Bought a potion of flight for 57 gold pieces
 47669 | Vaults:4 | Bought an ichor-stained chain mail for 180 gold pieces
 47669 | Vaults:4 | Identified the +0 chain mail "Otat" {rC- rCorr Int+6} (You
                  | bought it in a shop on level 4 of the Vaults)
 47719 | Vaults:4 | Found Boraoq's Antique Weapon Boutique.
 47917 | Vaults:4 | Found a runed translucent door.
 47921 | Vaults:4 | Identified the +5 ring mail of Yesterday {Rampage rC+ rN++
                  | Dex-4}
 48406 | Depths:1 | Entered Level 1 of the Depths
 48556 | Depths:1 | Found a gateway to Hell.
 48566 | Depths:1 | Found a one-way gateway to a ziggurat.
 48585 | Depths:1 | Found a one-way gate leading to the halls of Pandemonium.
 48774 | Depths:1 | Found a sparkling altar of Nemelex Xobeh.
 48990 | Depths:1 | Noticed Asterion
 49013 | Depths:1 | Killed Asterion
 49575 | Depths:1 | Found Nerysh's Book Emporium.
 49575 | Depths:1 | Found Josavvau's Book Emporium.
 49576 | Depths:1 | Found Gomarur's Jewellery Shop.
 49681 | Depths:2 | Noticed the Enchantress
 49685 | Depths:2 | Killed the Enchantress
 49875 | Depths:2 | Found a runed translucent door.
 50111 | Depths:2 | Reached XP level 25. HP: 157/158 MP: 28/28
 50241 | Depths:2 | Noticed Bai Suzhen
 50244 | Depths:2 | Killed Bai Suzhen
 50563 | Depths:2 | Noticed gdog's ghost (veteran GnDe)
 50592 | Depths:2 | Killed gdog's ghost
 50646 | Depths:2 | Found a runed translucent door.
 50684 | Depths:2 | Noticed Ittor's ghost (veteran DsFi)
 50685 | Depths:2 | Identified the +9 sling of Xoqol {freeze, rElec}
 50690 | Depths:2 | Killed Ittor's ghost
 50709 | Depths:2 | Found a runed translucent door.
 50713 | Depths:2 | Noticed safid's ghost (veteran MfIE)
 50713 | Depths:2 | Identified the +1 helmet "Bedoh" {rC- rN+ Dex+4 Slay+2}
 50901 | Depths:2 | Killed safid's ghost
 50990 | Depths:3 | Identified the +0 quarterstaff of Mana {pain, rF+}
 51012 | Depths:3 | Reached skill level 15 in Fighting
 51027 | Depths:3 | Found Kol Doxe's Armour Emporium.
 51857 | Depths:3 | Found a runed translucent gate.
 51857 | Depths:3 | Found a runed translucent gate.
 51857 | Depths:3 | Found a runed translucent gate.
 52091 | Depths:3 | Found a runed translucent gate.
 52091 | Depths:3 | Found a runed translucent gate.
 52091 | Depths:3 | Found a runed translucent gate.
 52362 | Depths:4 | Entered Level 4 of the Depths
 52549 | Depths:4 | Reached XP level 26. HP: 179/180 MP: 28/28
 52621 | Depths:4 | Noticed Vv
 52662 | Depths:4 | Killed Vv
 52922 | Depths:4 | Found a gate to the Realm of Zot.
 53086 | Depths:4 | Noticed Grunn
 53090 | Depths:4 | Killed Grunn
 53554 | Vaults:5 | Entered Level 5 of the Vaults
 53671 | Vaults:5 | Noticed Mara
 53969 | Vaults:5 | Noticed an ancient lich
 53971 | Vaults:5 | Killed an ancient lich
 54098 | Vaults:5 | Got a silver rune of Zot
 54137 | Vaults:5 | Identified Yshrexas's Dissertation on Snow-white Leadership
 54153 | Vaults:5 | Identified the +1 robe "Lasyxan" {Rampage Str+3 Int+3}
 54478 | Vaults:5 | Noticed an ancient lich
 54485 | Vaults:5 | Killed an ancient lich
 54541 | Vaults:5 | Noticed Frederick
 54543 | Vaults:5 | Killed Frederick
 54571 | Vaults:5 | Identified the +0 ring mail of Intuition {rCorr}
 54596 | Vaults:5 | Identified the +0 triple crossbow "Siree" {speed, rC+ Int+3
                  | Stlth+}
 54745 | Vaults:5 | Killed Mara
 54826 | Vaults:5 | Identified the staff of cold "Mobaon" {rC+ Int+3}
 54829 | Vaults:5 | Identified the staff of death "Jiawk" {rPois rN+}
 54830 | Vaults:5 | Noticed an ancient lich
 54833 | Vaults:5 | Killed an ancient lich
 54887 | Vaults:5 | Found Puacucu's Magic Scroll Boutique.
 54887 | Vaults:5 | Identified the staff of death "Zucsuesme" {rF+ rN+}
 54906 | Vaults:5 | Bought a scroll of teleportation for 42 gold pieces
 54906 | Vaults:5 | Bought a scroll of fog for 56 gold pieces
 54906 | Vaults:5 | Bought a scroll of silence for 133 gold pieces
 54929 | Vaults:5 | Identified the Exposition on the Rocky Sphinx
 54955 | Vaults:5 | Identified the Lectures on Superposition and Enchantment
 54996 | Vaults:5 | Reached XP level 27. HP: 192/192 MP: 27/27
 55034 | Vaults:5 | Noticed an ancient lich
 55047 | Vaults:5 | Identified the staff of earth "Ahig" {rN+ Int+3}
 55083 | Vaults:5 | Killed an ancient lich
 56280 | Zot:1    | Entered Level 1 of the Realm of Zot
 57343 | Zot:2    | Reached skill level 10 in Armour
 58185 | Zot:2    | Found a transporter.
 58187 | Zot:2    | Found a transporter.
 58190 | Zot:2    | Found a transporter.
 58193 | Zot:2    | Found a transporter.
 58802 | Zot:3    | Noticed a Killer Klown
 58804 | Zot:3    | Killed a Killer Klown
 59543 | Zot:4    | Noticed a Killer Klown
 59543 | Zot:4    | Noticed a Killer Klown
 59543 | Zot:4    | Killed a Killer Klown
 59544 | Zot:4    | Killed a Killer Klown
 59724 | Zot:4    | Noticed an orb of fire
 59726 | Zot:4    | Killed an orb of fire
 60501 | Zot:4    | Reached skill level 15 in Armour
 60504 | Zot:4    | Found the +4 dragonskin cloak
 60504 | Zot:4    | Noticed Tiamat
 60508 | Zot:4    | Killed Tiamat
 60808 | Zot:5    | Entered Level 5 of the Realm of Zot
 61398 | Zot:5    | Identified the +1 ring mail "Aneinety" {Int+6}
 61704 | Zot:5    | Noticed an orb of fire
 61713 | Zot:5    | Killed an orb of fire
 61735 | Zot:5    | Noticed an orb of fire
 61739 | Zot:5    | Noticed an orb of fire
 61740 | Zot:5    | Noticed a Killer Klown
 61742 | Zot:5    | Noticed an orb of fire
 61745 | Zot:5    | Noticed an orb of fire
 61756 | Zot:5    | Gained mutation: Your mind is acute. (Int +4, Str/Dex -1)
                  | [an orb of fire]
 61759 | Zot:5    | Gained mutation: You have hidden genetic defects. [an orb
                  | of fire]
 61759 | Zot:5    | Gained mutation: You are frail. (-10% HP) [an orb of fire]
 61783 | Zot:5    | Lost mutation: Your body sometimes deteriorates upon taking
                  | damage. [potion of mutation]
 61783 | Zot:5    | Lost mutation: Your mind is acute. (Int +4, Str/Dex -1)
                  | [potion of mutation]
 61783 | Zot:5    | Lost mutation: You are frail. (-10% HP) [potion of
                  | mutation]
 61783 | Zot:5    | Gained mutation: You are partially covered in iridescent
                  | scales. (AC +2) [potion of mutation]
 61784 | Zot:5    | Lost mutation: You have hidden genetic defects. [potion of
                  | mutation]
 61784 | Zot:5    | Lost mutation: You are partially covered in iridescent
                  | scales. (AC +2) [potion of mutation]
 61784 | Zot:5    | Gained mutation: You are strong-willed. (Will+) [potion of
                  | mutation]
 61784 | Zot:5    | Gained mutation: Your flesh is cold resistant. (rC+)
                  | [potion of mutation]
 61918 | Zot:5    | Killed an orb of fire
 61948 | Zot:5    | Gained mutation: You are highly strong-willed. (Will++) [an
                  | orb of fire]
 61951 | Zot:5    | Killed an orb of fire
 61984 | Zot:5    | Noticed a Killer Klown
 62003 | Zot:5    | Killed a Killer Klown
 62066 | Zot:5    | Gained mutation: You are weak. (Str -2) [an orb of fire]
 62072 | Zot:5    | Gained mutation: Your spells are a little easier to cast,
                  | but a little less powerful. [an orb of fire]
 62075 | Zot:5    | Noticed an orb of fire
 62078 | Zot:5    | Noticed a Killer Klown
 62078 | Zot:5    | Noticed a dread lich
 62080 | Zot:5    | Noticed an orb of fire
 62080 | Zot:5    | Gained mutation: You sometimes lose your temper in combat.
                  | [an orb of fire]
 62081 | Zot:5    | Noticed a Killer Klown
 62086 | Zot:5    | Noticed an orb of fire
 62087 | Zot:5    | Gained mutation: You have an uncontrollable temper. [an orb
                  | of fire]
 62087 | Zot:5    | Killed a Killer Klown
 62089 | Zot:5    | Gained mutation: Your magical capacity is low. (-10% MP)
                  | [an orb of fire]
 62089 | Zot:5    | Noticed a Killer Klown
 62090 | Zot:5    | Killed an orb of fire
 62092 | Zot:5    | Noticed an orb of fire
 62094 | Zot:5    | a Killer Klown changed into a titan
 62098 | Zot:5    | Killed a dread lich
 62100 | Zot:5    | Gained mutation: You are dopey. (Int -2) [an orb of fire]
 62107 | Zot:5    | Killed an orb of fire
 62116 | Zot:5    | Lost mutation: You are dopey. (Int -2) [an orb of fire]
 62117 | Zot:5    | Killed an orb of fire
 62119 | Zot:5    | a Killer Klown changed into a rockslime
 62128 | Zot:5    | Killed an orb of fire
 62254 | Zot:5    | Noticed a dread lich
 62256 | Zot:5    | Killed a dread lich
 62315 | Zot:5    | Noticed an ancient lich
 62318 | Zot:5    | Killed an ancient lich
 62792 | Zot:5    | Got the Orb of Zot
 62842 | Zot:5    | Noticed Sinag the pandemonium lord
 63388 | D:1      | Noticed Tuazua the pandemonium lord
 63396 | D:1      | Killed Tuazua the pandemonium lord
 63418 | D:$      | Escaped with the Orb!

Illustrated notes

Levels and vault maps discovered:
D:1:      dpeg_arrival_solitude, layout_basic, minmay_pentomino_u2
D:2:      layout_basic
D:3:      layout_loops_cross, grunt_temple_overflow_forces_of_nature,
          zin_scriptorium, mainiacjoe_overflow_catwalk,
          chequers_ecumenical_altar_island, grunt_ministairs_13,
          minmay_bisected, uniq_robin
D:4:      layout_rooms, gammafunk_ghost_abyssal_escape, grunt_ministairs_15,
          minmay_manual_mail, uniq_natasha
D:5:      layout_basic, minmay_misc_feat_more_columns
D:6:      layout_loops_ring, lemuel_crystal_altar, serial_shops,
          kennysheep_mini, nicolae_half_adder, uniq_sigmund
D:7:      layout_loops_ring, mainiacjoe_overflow_alcove_1,
          minmay_temple_entry_butterflies, gammafunk_ghost_icy,
          lightli_ossuary_entry_decrepit_ruins, minmay_liquid_box,
          mrwooster_statue_mirror
D:8:      layout_basic, nicolae_dithmenos_through_a_glass_darkly,
          mainiacjoe_overflow_boulevard, hellmonk_lair_entry_icy, hex_medium
D:9:      layout_rooms, lightli_temple_of_fire, enter_bailey_5,
          serial_co_window_serial, co_window_of_opportunity_a,
          co_window_paths_a, co_window_corner_a, co_window_paths_a,
          co_window_paths_b, co_window_paths_b, co_window_of_opportunity_a,
          co_window_paths_c, co_window_of_opportunity_c, co_window_2corner,
          co_window_of_opportunity_b, co_window_4corner_b, glass_columns_b,
          glass_columns_a, glass_columns_a, glass_columns_b, glass_columns_a,
          gammafunk_ghost_berserking_beasts, skrybe_limestone_x
D:10:     erik_rubicon_b, layout_irregular_city
D:11:     nzn_winding_woodlands_cross [nzn_winding_woodlands_5x15_garden,
          nzn_winding_woodlands_5x15_crooked, nzn_winding_woodlands_5x15_parted,
          nzn_winding_woodlands_5x15_sidewinder,
          nzn_winding_woodlands_15x15_boxy_spiral], layout_loops_ring,
          gammafunk_ghost_cemetery, gauntlet_entry_generic
D:12:     minmay_ornate_pinched, layout_loops_cross, orc_0_dummy, uniq_nessos,
          uniq_lodul, uniq_nergalle, uniq_azrael
D:13:     layout_basic, bloody_makhleb
D:14:     minmay_curly_fans, layout_irregular_city, ximxim_vaults_locker_room,
          serial_glass, glass_columns_b, glass_columns_b, due_unseen_surprise,
          item_on_display_a, item_on_display_a, serial_shops, shop_fountains,
          nicolae_shop_window_shopping, shop, uniq_roxanne, uniq_kirke
D:15:     grunt_enter_depths_snipers, layout_basic
Temple:   cyrus_circular_temple
Lair:1:   layout_roguey, portal_ice_cave_entry_imps, grunt_megastairs_4,
          serial_bayou_shore_a
Lair:2:   layout_cave_pods, minmay_swamp_entry_eels, st_stairs_12,
          uniq_gastronok
Lair:3:   layout_gridlike, hellmonk_spider_entry_not_the_bees,
          columned_hall_lemuel
Lair:4:   layout_regular_city, minmay_slime_entry_jelly_boxes
Lair:5:   evilmike_catoblepas_cave, layout_loops_ring, grunt_megastairs_1,
          infiniplex_staircase_pool_2
Swamp:1:  layout_falls_marsh, gammafunk_ghost_wrathful_warriors,
          hangedman_swamp_ruin_hall
Swamp:2:  layout_falls_marsh, evilmike_swamp_ruin_rubble_1,
          nicolae_swamp_very_dense_foliage, infiniplex_staircase_pool,
          uniq_nikola
Swamp:3:  layout_basic_swamp, evilmike_swamp_ruin_house_6
Swamp:4:  swamp_alternative, layout_basic_swamp
Spider:1: nicolae_spider_brood_tunnel, hangedman_spider_trapstep
Spider:2: nicolae_spider_broodchamber
Spider:3: layout_spider_delve
Spider:4: hellmonk_spider_rune_bug_friends
Orc:1:    layout_caves, library_closet
Orc:2:    st_orc_elflike, layout_diamond_mine, serial_shops,
          nicolae_shop_crystal
Elf:1:    elf_arrival_001, layout_gridlike, serial_shops, shop,
          minmay_elf_sorcery, minivault_5
Elf:2:    nicolae_elf_blades_splatter_lattice [mumra_blade_entry_bloodbath],
          layout_loops_ring, uniq_agnes
Elf:3:    minmay_elf_hall_not_hex, layout_geoelf_castle, minmay_shop_mayhem,
          evilmike_spriggan_trog_shrine, uniq_donald
Vaults:1: infiniplex_enter_wizlab_water, v_misc_16,
          nicolae_vaults_ninety_degrees, nicolae_vaults_diamond_2,
          nicolae_vaults_network_star, v_misc_23, v_pattern_4,
          ontoclasm_vaults_hangar, vaults_room_door_ring, vaults_mumra_hexcomb,
          ontoclasm_vaults_gateway, layout_vaults_ring, serial_shops,
          nicolae_shop_rolling_square
Vaults:2: portal_desolation_entry_twin_temple, nicolae_vaults_tetromino_Z_2,
          nicolae_vaults_hexular_roomagon, vaults_room_door_hall,
          nicolae_vaults_storage_closets_2, hangedman_vaults_nails,
          nicolae_vaults_closet_pinwheel_1, ontoclasm_vaults_decontamination,
          vaults_standard_mumra_x, nicolae_vaults_closet_pinwheel_2,
          grunt_vaults_hallway_long, layout_vaults_omnicross, serial_shops,
          uniq_sojobo
Vaults:3: nicolae_vaults_closet_pinwheel_2, hangedman_vaults_restitches,
          nicolae_vaults_offset_grid_hallway_1,
          minmay_crypt_entry_skeletal_spiral, vaults_dpeg_doors,
          nicolae_vaults_trapezoid_2, nicolae_vaults_heart-shaped_vault,
          hangedman_vaults_stretched_pinwheel, nicolae_vaults_asterisk,
          nicolae_vaults_little_squares_4, nicolae_vaults_little_squares_5,
          nicolae_vaults_alarming, layout_vaults_omnigrid
Vaults:4: nicolae_vaults_double_plus_1, v_misc_26,
          nicolae_vaults_storage_closets_3, v_misc_15, v_rooms_1,
          dpeg_vaults_monster_box, vaults_mumra_chevron_long, v_misc_32,
          nicolae_vaults_tangram_1, nicolae_vaults_oozy_zoo,
          nicolae_vaults_sesquioval_fish, grunt_vaults_hallway_long,
          vaults_room_hallway, hangedman_vaults_impose,
          layout_vaults_maze_snakey, serial_shops, shop,
          nicolae_shop_overgrown_old_shop, shop_statue,
          nicolae_shop_hallway_plus, shop
Vaults:5: uniq_mara, uniq_frederick
Depths:1: layout_honeycomb, enter_ziggurat_b, pan_entry, hell_entry,
          nemelex_spade_bored_becter, grunt_megastairs_2, serial_bayou_shore_b,
          minmay_shop_grove, uniq_asterion
Depths:2: abrahamwl_protected_by_tso_1, layout_cave_pools,
          rand_demon_pan_entry_7, hell_entry,
          muffindrake_ghost_three_little_ghosts, dk_noncrumbling_2,
          infiniplex_staircase_split_hallway, uniq_bai_suzhen, uniq_enchantress
Depths:3: kennysheep_treasure_stockpile, layout_gridlike, abyss_entry_crystal,
          serial_shops, nicolae_shop_stone, grunt_mini_vestibule,
          minmay_misc_feat_ornament, infiniplex_staircase_pool_lava
Depths:4: evilmike_zot_entry_diamond, layout_gridville, pan_entry,
          hangedman_abyss_or_decor_stagger, hell_entry, abyss_entry_glasseish,
          serial_bayou_shore_b, uniq_vv, uniq_grunn
Zot:1:    layout_misc_corridors, skrybe_zot_glass_2
Zot:2:    layout_gridville, nicolae_transporter_circle
Zot:3:    layout_gridlike, st_stairs_8
Zot:4:    layout_basic, uniq_tiamat
Zot:5:    layout_cathedral_of_symmetry

Skill      XL: |  1  2  3  4  5  6  7  8  9 10 11 12 13 14 15 16 17 18 19 20 21 22 23 24 25 26 27 |
---------------+----------------------------------------------------------------------------------+-----
Short Blades   | 2 3 4 5 6 7 9 12 15 21 23 | 23.4
Stealth        | 3 5 10 15 17 20 23 24 | 24.8
Fighting       | 3 5 8 9 11 13 14 18 22 24 | 24.3
Dodging        | 4 6 8 10 11 12 16 18 23 | 23.2
Armour         | 4 5 9 15 | 15.8
Evocations     | 4 6 14 17 18 20 21 23 24 | 24.3
Shields        | 5 8 10 11 | 11.0
Hexes          | 7 12 | 12.3
Spellcasting   | 1 |  1.1
Ice Magic      | 11 13 | 13.1
Transmutations | 2 4 |  4.0
Earth Magic    | 2 4 |  4.0
Throwing       | 4 |  4.5
Axes           | |  2.4

Action                     |  1- 3 |  4- 6 |  7- 9 | 10-12 | 13-15 | 16-18 | 19-21 | 22-24 | 25-27 || total
---------------------------+-------+-------+-------+-------+-------+-------+-------+-------+-------++-------
  Melee: War axe           |    18 |       |       |       |       |       |       |       |       ||    18
         Short sword       |    61 |   228 |   382 |   905 |  1458 |   768 |       |       |       ||  3802
         Punch             |       |     2 |     9 |     6 |       |       |       |       |       ||    17
         Rapier            |       |       |       |       |       |   590 |  1159 |       |       ||  1749
         Cutlass           |       |       |       |       |       |       |    35 |  1373 |  2411 ||  3819
  Throw: Throwing net      |     3 |       |       |     1 |       |       |       |       |    11 ||    15
         Boomerang         |       |     1 |       |       |       |       |       |       |       ||     1
         Dart              |       |       |     2 |    10 |     3 |     5 |     2 |       |    15 ||    37
   Cast: Ensorcelled Hiber |       |       |       |       |    31 |    37 |     6 |       |       ||    74
         Confusing Touch   |       |       |       |       |    12 |     3 |     1 |     1 |       ||    17
         Ozocubu's Armour  |       |       |       |       |    11 |     2 |     3 |       |     1 ||    17
         Passwall          |       |       |       |       |       |       |       |       |     3 ||     3
 Invoke: Curse Item        |       |       |     2 |     5 |     3 |     2 |     2 |     3 |     2 ||    19
         Shatter the Chain |       |       |       |     1 |     1 |     2 |     2 |     1 |     2 ||     9
Ability: Evoke Invisibilit |       |       |       |       |       |     4 |    14 |    11 |    12 ||    41
  Evoke: Wand              |       |     3 |       |     4 |    11 |    18 |    16 |     5 |    19 ||    76
         Condenser vane    |       |       |       |       |       |     1 |       |     4 |     4 ||     9
         Phial of floods   |       |       |       |       |       |     1 |       |     1 |       ||     2
         Box of beasts     |       |       |       |       |       |     1 |     1 |     2 |     2 ||     6
         Phantom mirror    |       |       |       |       |       |       |       |       |     2 ||     2
    Use: Scroll            |       |     2 |     5 |     3 |     5 |     4 |     2 |     7 |    17 ||    45
         Potion            |       |       |     3 |     5 |     1 |     3 |       |     2 |    27 ||    41
   Stab: Sleeping          |     8 |    22 |    24 |    43 |   148 |   163 |   193 |   251 |   153 ||  1005
         Distracted        |     1 |       |     1 |     7 |     9 |    16 |    30 |    12 |    47 ||   123
         Held in net/web   |       |       |       |     3 |       |       |       |       |    11 ||    14
         Confused          |       |       |       |       |    17 |     2 |     1 |     2 |       ||    22
         Invisible         |       |       |       |       |       |    31 |    52 |    56 |    83 ||   222
         Paralysed         |       |       |       |       |       |     2 |     4 |     2 |     1 ||     9
 Armour: Leather armour    |     1 |       |       |     2 |   108 |    67 |    47 |    50 |    81 ||   356
         Ring mail         |     8 |    17 |    29 |    54 |       |       |       |       |       ||   108
  Dodge: Dodged            |    36 |   125 |   176 |   327 |   729 |   636 |   652 |   451 |   844 ||  3976
  Block: Kite shield       |       |       |       |   216 |   643 |   590 |   661 |   521 |  1111 ||  3742
         Reflection        |       |       |       |       |       |       |       |    10 |     8 ||    18
